 Dungeon Crawl Stone Soup version 0.31-a0-360-gb3e1d13bf4 (webtiles) character file.

Game seed: 5423172906308869289

826 CraigForest the Grappler (level 7, 0/51 (55) HPs)
             Began as a Minotaur Shapeshifter on July 26, 2023.
             Slain by a wight
             ... wielding a +0 halberd
              (1 damage)
             ... on level 5 of the Dungeon.
             The game lasted 00:27:01 (3868 turns).

CraigForest the Grappler (Minotaur Shapeshifter)    Turns: 3868, Time: 00:27:01

HP:   0/51 (55)     AC: 14    Str: 21    XL:     7   Next: 64%
MP:   6/6           EV: 12    Int:  5    God:
Gold: 330           SH:  0    Dex: 11    Spells: 6/6 levels left

rFire   . .          .
                       - Unarmed
rCold   + . .        (no shield)
rNeg    . . .        h - +3 ring mail of the Boiling Point {rC+ Slay+6 SInv}
rPois   .            (helmet restricted)
rElec   .            g - +0 cloak
rCorr   .            a - +3 pair of gauntlets of War {Slay+5}
SInv    +            (no boots)
Will    .....        (no amulet)
Stlth   +            (no ring)
HPRegen 0.28/turn    (no ring)
MPRegen 0.10/turn

%: no passive effects
@: drained
A: horns 2, retaliatory headbutt
a: no special abilities


You were on level 5 of the Dungeon.
You visited 1 branch of the dungeon, and saw 5 of its levels.
You also visited: Sewer.

You collected 330 gold pieces.

Inventory:

Hand Weapons
 d - a +0 hand axe
 n - a +4 sling of draining
 p - a +0 dagger of venom
Missiles
 r - 12 stones
Armour
 a - the +3 pair of gauntlets of War (worn) {Slay+5}
   (You acquired it on level 2 of the Dungeon)

   Slay:      It affects your accuracy & damage with ranged weapons and melee
   (+5).
 f - a +0 leather armour
 g - a +0 cloak (worn)
 h - the +3 ring mail of the Boiling Point (worn) {rC+ Slay+6 SInv}
   (You found it on level 3 of the Dungeon)

   Slay:      It affects your accuracy & damage with ranged weapons and melee
   (+6).
   rC:        It protects you from cold.
   SInv:      It lets you see invisible.
 j - a +0 scale mail
 m - a +0 robe
Jewellery
 t - a ring of see invisible
 v - a ring of fire
Talismans
 c - a beast talisman
Wands
 u - a wand of flame (25)
Scrolls
 i - 2 scrolls of teleportation
 o - 3 scrolls of fog
Potions
 b - a potion of lignification
 e - 3 potions of attraction
 k - a potion of curing {unknown}
 l - 3 potions of heal wounds {unknown}
 q - a potion of cancellation {unknown}
 s - 2 potions of might {unknown}


   Skills:
 + Level 2.1 Fighting
 + Level 3.6 Armour
 + Level 3.7 Dodging
 + Level 8.0 Unarmed Combat
 + Level 3.1 Shapeshifting


You had 6 spell levels left.
You didn't know any spells.
Your spell library contained the following spells:

 Spells                   Type           Power      Damage    Failure   Level
 Apportation              Tloc           0%         N/A       65%         1
 Freeze                   Ice            0%         1d3       65%         1
 Frozen Ramparts          Ice            0%         1d1       95%         3
 Hailstorm                Conj/Ice       0%         3d3       95%         3
 Manifold Assault         Tloc           0%         N/A       100%        4
 Alistair's Intoxication  Tmut/Pois      0%         N/A       100%        5
 Borgnjor's Vile Clutch   Necr/Erth      0%         N/A       100%        5
 Dispersal                Tloc           0%         N/A       100%        6
 Eringya's Noxious Bog    Tmut/Pois      0%         4d6       100%        6
 Disjunction              Tloc           0%         N/A       100%        8


Dungeon Overview and Level Annotations

Branches:
Dungeon (5/15)              Sewer (visited)
 Temple: D:4-7

Altars:
Qazlal

Shops:
D:4 ::


Innate Abilities, Weirdness & Mutations

You have a pair of horns on your head.
You reflexively headbutt those who attack you in melee.


Message History

The gnoll hits you but does no damage. The wight hits you with a +4 halberd!
You feel drained.
The wight hits you with a +0 long sword.
You feel drained.
You see here a +0 club.
You punch the wight!
The wight is severely damaged.
The gnoll hits you but does no damage. The wight closely misses you.
The wight completely misses you.
The wight hits you with a +0 long sword.
You feel drained. The wight barely misses you.
You hit the wight but do no damage. You headbutt the wight.
The wight is almost destroyed.
You hit the wight.
You destroy the wight!
The wight hits you with a +3 hand axe of freezing.
The gnoll closely misses you. The wight barely misses you.
The wight misses you. The wight closely misses you.
Your Unarmed Combat skill increases to level 8!
You closely miss the wight. Your headbutt misses the wight.
The gnoll hits you from afar with a +0 spear.
The wight hits you but does no damage. The wight misses you.
You furiously retaliate!
You headbutt the wight! The wight misses you.
The wight hits you with a +0 long sword.
You closely miss the wight. The gnoll barely misses you.
The wight hits you but does no damage. The wight closely misses you.
The wight hits you with a +0 long sword.
* * * LOW HITPOINT WARNING * * *
You feel drained. The wight misses you.
You hit the wight.
You headbutt the wight, but do no damage.
The wight is lightly damaged.
The gnoll closely misses you. The wight hits you but does no damage.
The wight closely misses you.
The wight hits you with a +0 long sword!
* * * LOW HITPOINT WARNING * * *
The wight hits you from afar with a +0 halberd!
* * * LOW HITPOINT WARNING * * *
You feel drained.
You die...

........#
#.........#
......... .
#.#.....
..###'#....
.......z..
......gz)#
.......z@#
......)z)### #
......)....#.#.#.
#........_.......
#####......#.#.#
#....### # #....#
. #....#.###
#.............


You could see 4 wights and a gnoll.

Vanquished Creatures
  An ice beast (D:5)
  A gnoll sergeant (D:5)
  2 scorpions
  A bullfrog (D:3)
  A wight (D:5)
  2 iguanas
  Ijyb (D:5)
  An orc wizard (D:5)
  8 adders
  7 gnolls
  A river rat (Sewer)
  2 ufetubi (D:5)
  5 worms
  9 orcs
  5 endoplasms
  5 giant cockroaches
  28 goblins
  38 hobgoblins
  12 kobolds
  4 quokkas
  6 ball pythons
  4 bats
  3 frilled lizards
  16 rats
163 creatures vanquished.

Notes
Turn   | Place    | Note
-------+----------+-------------------------------------------
     0 | D:1      | CraigForest the Minotaur Shapeshifter began the quest for
                  | the Orb.
     0 | D:1      | Reached XP level 1. HP: 16/16 MP: 0/0
   128 | D:1      | Reached XP level 2. HP: 20/23 MP: 1/1
   985 | D:2      | Reached skill level 4 in Unarmed Combat
  1040 | D:2      | Reached XP level 3. HP: 28/28 MP: 2/2
  1606 | D:2      | Identified a scroll of acquirement
  1606 | D:2      | Acquired the +3 pair of gauntlets of War {Slay+5}
  1606 | D:2      | Found the +3 pair of gauntlets of War {Slay+5}
  1645 | D:3      | Identified the -2 pair of gloves "Inuobukh" {rElec Int+6}
  1707 | D:3      | Identified the +3 ring mail of the Boiling Point {rC+
                  | Slay+6 SInv}
  1917 | D:3      | Reached XP level 4. HP: 35/35 MP: 3/3
  1964 | D:3      | Noticed a bullfrog
  1967 | D:3      | Killed a bullfrog
  1968 | D:3      | Reached skill level 5 in Unarmed Combat
  2061 | D:3      | Reached XP level 5. HP: 40/40 MP: 4/4
  2401 | D:4      | Reached skill level 1 in Armour
  2459 | D:4      | Reached skill level 6 in Unarmed Combat
  2459 | D:4      | Reached XP level 6. HP: 47/48 MP: 5/5
  2637 | D:4      | Found Lubadoa's Book Emporium.
  2686 | D:4      | Found Toer's Book Shop.
  2719 | D:4      | Found a glowing drain.
  2738 | Sewer    | Entered a sewer
  3727 | D:5      | Entered Level 5 of the Dungeon
  3770 | D:5      | Noticed an ice beast
  3774 | D:5      | Reached skill level 7 in Unarmed Combat
  3777 | D:5      | Killed an ice beast
  3778 | D:5      | Reached XP level 7. HP: 55/55 MP: 6/6
  3794 | D:5      | Noticed Ijyb
  3802 | D:5      | Killed Ijyb
  3844 | D:5      | Found a stormy altar of Qazlal.
  3866 | D:5      | Reached skill level 8 in Unarmed Combat
  3868 | D:5      | HP: 1/52 [wight/+0 halberd (7)]
  3868 | D:5      | Slain by a wight

Illustrated notes

Levels and vault maps discovered:
D:1:      moated_graveyard_arrival, layout_loops_corners,
          dreamdust_wishing_well, minmay_three_crescents
D:2:      layout_basic
D:3:      layout_loops_ring, serial_glass, glass_columns_a, glass_columns_a,
          nicolae_wormholes
D:4:      minmay_goblin_kobold_castle, layout_basic, serial_shops,
          kennysheep_little_box, shop, gup_sewer_entry_glass
D:5:      layout_basic, grunt_temple_overflow_lords_of_destruction,
          mainiacjoe_overflow_large_starburst, palyth_stone_intersect, uniq_ijyb

Skill      XL: |  1  2  3  4  5  6  7 |
---------------+----------------------+-----
Unarmed Combat | 4 5 6 7 8 |  8.0
Shapeshifting  | 3 |  3.1
Dodging        | 3 |  3.7
Armour         | 1 2 3 |  3.6
Fighting       | 2 |  2.1

Action                     |  1- 3 |  4- 6 |  7- 9 || total
---------------------------+-------+-------+-------++-------
  Melee: Unarmed           |    84 |   155 |    20 ||   259
         Headbutt          |     9 |    13 |     5 ||    27
         Punch             |       |     4 |     1 ||     5
Ability: Begin Untransform |     1 |       |       ||     1
    Use: Scroll            |     5 |     7 |       ||    12
 Armour: Animal skin       |    11 |       |       ||    11
         Ring mail         |     2 |    58 |     9 ||    69
         Robe              |     1 |       |       ||     1
  Dodge: Dodged            |    38 |    99 |    27 ||   164
         Form:             |     1 |       |       ||     1
         Beast             |     1 |       |       ||     1

Table legend: (Time is in decaauts)
 A = Elapsed time spent in this place.
 B = Non-inter-level travel time spent in this place.
 C = Inter-level travel time spent in this place.
 D = Time resting spent in this place.
 E = Time spent auto-exploring this place.
 F = Levels seen in this place.
 G = Mean time per level.
                   A        B        C        D        E       F      G
               +--------+--------+--------+--------+--------+-----+--------+
         Total |   3893 |   2956 |    937 |      0 |   2022 |   6 |  648.8 |
       Dungeon |   3389 |   2452 |    937 |      0 |   1729 |   5 |  677.8 |
         Sewer |    504 |    504 |      0 |      0 |    292 |   1 |  504.0 |
               +--------+--------+--------+--------+--------+-----+--------+

Top non-repeatable levels by time:
     D:1: 970 daAuts
     D:4: 966 daAuts
     D:2: 666 daAuts
     D:3: 650 daAuts
   Sewer: 504 daAuts
     D:5: 136 daAuts
